 Dungeon Crawl Stone Soup version 0.28-a0-397-g1a7b1a870f (webtiles) character file.

Game seed: 509158544860222837

67 Decipherer the Skirmisher (level 3, 0/45 HPs)
             Began as a Demonspawn Berserker on Sept 4, 2021.
             Was a Priest of Trog.
             Slain by a goblin (6 damage)
             ... led by Robin
             ... on level 2 of the Dungeon.
             The game lasted 00:00:57 (1530 turns).

Decipherer the Skirmisher (Demonspawn Berserker)    Turns: 1530, Time: 00:00:58

Health: 0/45       AC:  2    Str: 18    XL:     3   Next: 98%
Magic:  3/3        EV: 12    Int:  8    God:    Trog [***...]
Gold:   107        SH:  0    Dex: 12    Spells: 2/2 levels left

rFire   . . .      SeeInvis .   a - +0 spear
rCold   . . .      Faith    .   (no shield)
rNeg    . . .      Spirit   .   b - +0 animal skin
rPois   .          Reflect  .   (no helmet)
rElec   .          Harm     .   (no cloak)
rCorr   .          Rampage  .   (no gloves)
Will    .....                   (no boots)
Stlth   ..........              (no amulet)
HPRegen 0.15/turn               (no ring)
MPRegen 0.08/turn               (no ring)

@: berserking (expiring), very quick
A: talons 2
a: Renounce Religion, Berserk, Trog's Hand


You were on level 2 of the Dungeon.
You worshipped Trog.
Trog was most pleased with you.
You visited 1 branch of the dungeon, and saw 2 of its levels.

You collected 107 gold pieces.

Inventory:

Hand Weapons
 a - a +0 spear (weapon)
Missiles
 c - 15 poisoned darts
Armour
 b - a +0 animal skin (worn)
 e - a +0 pair of boots
 h - a +0 pair of boots
Scrolls
 d - a scroll of teleportation {unknown}
 f - 2 scrolls of identify {unknown}
 i - a scroll of acquirement {unknown}
 j - a scroll of magic mapping {unknown}
Potions
 g - a potion of degeneration {unknown}


   Skills:
 + Level 3.6 Fighting
 + Level 3.5 Polearms
 + Level 1.9 Armour
 + Level 2.1 Dodging
 + Level 0.6 Stealth


You had 2 spell levels left.
You didn't know any spells.
Your spell library contained the following spells:

 Spells                   Type           Power      Damage    Failure   Level
 Animate Skeleton         Necr           0%         N/A       41%         1
 Pain                     Necr           0%         1d4       41%         1
 Static Discharge         Conj/Air       0%         N/A       54%         2
 Vampiric Draining        Necr           0%         2d6       78%         3
 Dispel Undead            Necr           0%         3d6       99%         4
 Sticky Flame             Conj/Fire      0%         2d3       99%         4


Dungeon Overview and Level Annotations

Branches:
Dungeon (2/15)

Altars:


Innate Abilities, Weirdness & Mutations

You have razor-sharp toenails.


Message History

Calm down first, please.
You are too injured to fight recklessly!
Unknown command.
You barely miss the goblin. The goblin hits you with a +0 dagger.
The goblin misses you. The goblin closely misses you.
You barely miss the goblin. You claw the goblin.
You kill the goblin!
Trog accepts your kill.
The goblin no longer looks unusually strong. x2
The hobgoblin hits you but does no damage.
You barely miss the hobgoblin. You claw the hobgoblin.
You kill the hobgoblin!
Trog accepts your kill. The goblin closely misses you.
The goblin hits you with a +0 dagger. The hobgoblin barely misses you.
Robin roars a battlecry!
The goblins go into a battle-frenzy!
The goblin hits you with a +0 dagger.
* * * LOW HITPOINT WARNING * * *
Things that are here:
a +0 club; a goblin corpse You puncture Robin!
Robin is heavily wounded.
The goblin barely misses you. The hobgoblin hits you.
* * * LOW HITPOINT WARNING * * *
Robin throws the goblin at you!
* * * LOW HITPOINT WARNING * * *
You hit Robin.
Robin is severely wounded.
The goblin hits you with a +0 dagger.
* * * LOW HITPOINT WARNING * * *
The goblin hits you with a +0 dagger.
* * * LOW HITPOINT WARNING * * *
The hobgoblin hits you.
* * * LOW HITPOINT WARNING * * *
You puncture Robin!
You kill Robin!
Trog accepts your kill. The goblin hits you with a +0 dagger.
You die...

..###..........(..#
. #....†........#
#.....#########
##+#.....# #####
.........##....#
..........#....##
...>............#
.........)......#
#.....##)@......#
#..... #ggg.....#
#..... #........#
#....# #........#
##### ##########


You could see a hobgoblin (strong) and 2 goblins.

Vanquished Creatures
  Robin (D:2)
  2 dart slugs (D:1)
  2 bats
  4 endoplasms
  A giant cockroach (D:1)
  5 goblins
  10 hobgoblins
  3 jackals (D:1)
  5 kobolds
  2 quokkas
  10 ball pythons
  9 frilled lizards
  5 rats
59 creatures vanquished.

Notes
Turn   | Place    | Note
-------+----------+-------------------------------------------
     0 | D:1      | Decipherer the Demonspawn Berserker began the quest for the
                  | Orb.
     0 | D:1      | Reached XP level 1. HP: 18/18 MP: 1/1
   201 | D:1      | Gained mutation: You have sharp toenails. [demonic
                  | ancestry]
   201 | D:1      | Reached XP level 2. HP: 14/24 MP: 2/2
   686 | D:1      | Reached ** piety under Trog
   846 | D:1      | Gained mutation: You have razor-sharp toenails. [demonic
                  | ancestry]
   846 | D:1      | Reached XP level 3. HP: 29/29 MP: 3/3
  1495 | D:2      | Noticed Robin
  1518 | D:2      | Reached *** piety under Trog
  1530 | D:2      | Killed Robin
  1530 | D:2      | Slain by a goblin

Illustrated notes

Levels and vault maps discovered:
D:1:      sevenhm_arrival_forest_fort_large_2, layout_loops_cross,
          minmay_lizard_pond
D:2:      layout_basic, uniq_robin

Skill      XL: |  1  2  3 |
---------------+----------+-----
Polearms       | 3 |  3.5
Dodging        | 2 |  2.1
Fighting       | |  3.6
Armour         | |  1.9
Stealth        | |  0.6

Action                   || total
-------------------------++-------
Melee: Spear             ||   124
       Kick              ||    15
Invok: Berserk           ||     1
 Stab: Sleeping          ||     2
Armor: Animal skin       ||    16
Dodge: Dodged            ||    60

Table legend: (Time is in decaauts)
 A = Elapsed time spent in this place.
 B = Non-inter-level travel time spent in this place.
 C = Inter-level travel time spent in this place.
 D = Time resting spent in this place.
 E = Time spent auto-exploring this place.
 F = Levels seen in this place.
 G = Mean time per level.
                   A        B        C        D        E       F      G
               +--------+--------+--------+--------+--------+-----+--------+
         Total |   1518 |   1484 |     34 |      0 |   1225 |   2 |  759.0 |
       Dungeon |   1518 |   1484 |     34 |      0 |   1225 |   2 |  759.0 |
               +--------+--------+--------+--------+--------+-----+--------+

Top non-repeatable levels by time:
     D:1: 1207 daAuts
     D:2: 310 daAuts
